 Dungeon Crawl Stone Soup version 0.30-a0-210-g01b79a254e (webtiles) character file.

Game seed: 15867954068208114331

132531 Monkooky the Tortoise (level 16, -6/143 HPs)
             Began as an Armataur Wanderer on Oct 3, 2022.
             Was a Priest of Uskayaw.
             Killed by the raging water
             ... invoked by a water nymph
              (27 damage)
             ... on level 4 of the Shoals on Oct 4, 2022.
             The game lasted 01:42:14 (32584 turns).

Monkooky the Tortoise (Armataur Wanderer)          Turns: 32584, Time: 01:42:15

Health: -6/143     AC: 38    Str: 25    XL:     16   Next: 57%
Magic:  0/24       EV:  8    Int:  8    God:    Uskayaw [***...]
Gold:   1872       SH:  7    Dex: 16    Spells: 18/18 levels left

rFire   . . .      SeeInvis .    w - +9 morningstar
rCold   . . .      Faith    .    g - +2 buckler
rNeg    + + +      Spirit   +    S - +9 crystal plate armour
rPois   .          Reflect  .    J - +0 helmet
rElec   .          Harm     .    z - +0 cloak
rCorr   .          Roll     +    m - +0 pair of gloves
Will    +....                    (no barding)
Stlth   ..........               N - amulet of guardian spirit
HPRegen 0.43/turn                C - ring of Kiqimera {Drain +Blink rN+++ Int-5 Dex+6}
MPRegen 0.19/turn                X - +4 ring of protection

@: mesmerised, very slow
A: large, rugged brown scales 3, deformed body, armoured tail, roll, long
tongue, awkward tongue
a: Renounce Religion, Evoke Blink, Stomp, Line Pass


You were on level 4 of the Shoals.
You worshipped Uskayaw.
Uskayaw was aware of your devotion.
You visited 5 branches of the dungeon, and saw 27 of its levels.
You also visited: Ossuary, Bailey and Ice Cave.

You collected 2896 gold pieces.
You spent 1024 gold pieces at shops.

Inventory:

Hand Weapons
 w - a +9 morningstar (weapon)
Missiles
 j - 44 poisoned darts
 H - 6 javelins
 M - 7 throwing nets
Armour
 g - a +2 buckler (worn)
 m - a +0 pair of gloves (worn)
 z - a +0 cloak (worn)
 J - a +0 helmet (worn)
 S - a +9 crystal plate armour (worn)
Jewellery
 e - a ring of fire
 k - a ring "Coise" {rF+ Int+6}
   (You found it in an ice cave)

   [ring of intelligence]

   Int:       It affects your intelligence (+6).
   rF:        It protects you from fire.
 l - an amulet of magic regeneration
 q - a ring of magical power
 r - a ring of resist corrosion
 u - a ring of protection from fire
 C - the ring of Kiqimera (left hand) {Drain +Blink rN+++ Int-5 Dex+6}
   (You bought it in a shop on level 14 of the Dungeon)

   [ring of dexterity]

   Int:       It affects your intelligence (-5).
   Dex:       It affects your dexterity (+6).
   rN:        It renders you almost immune to negative energy.
   +Blink:    It lets you blink.
   Drain:     It drains your maximum health when unequipped.
 N - an amulet of guardian spirit (around neck)
 X - a +4 ring of protection (right hand)
 Z - a +6 ring of intelligence
Wands
 a - a wand of light (4)
 v - a wand of roots (10)
 y - a wand of polymorph (4)
 O - a wand of flame (9) (quivered)
 P - a wand of charming (12)
Scrolls
 c - 8 scrolls of fear
 d - 2 scrolls of blinking
 f - 4 scrolls of vulnerability
 i - 8 scrolls of amnesia
 n - 3 scrolls of summoning
 p - 6 scrolls of poison
 t - 11 scrolls of teleportation
 F - 2 scrolls of butterflies
 G - 5 scrolls of magic mapping
 I - a scroll of immolation
 Q - 3 scrolls of enchant weapon
 W - a scroll of silence
Potions
 h - 5 potions of curing
 o - a potion of magic
 s - 3 potions of flight
 B - 2 potions of mutation
 D - 7 potions of haste
 E - 4 potions of attraction
 K - 4 potions of might
 L - 5 potions of resistance
 R - 4 potions of cancellation
 U - a potion of brilliance
 V - 3 potions of berserk rage
Miscellaneous
 b - a phial of floods
 A - a box of beasts
 T - a lightning rod (2/4)
 Y - a tin of tremorstones (inert)


   Skills:
 * Level 10.1 Fighting
 - Level 14.0 Maces & Flails
 - Level 1.5 Polearms
 + Level 15.7 Armour
 - Level 11.6 Dodging
 - Level 6.1 Stealth
 + Level 5.4 Shields
 - Level 1.7 Spellcasting
 - Level 2.4 Necromancy
 - Level 11.3 Invocations
 - Level 11.7 Evocations


You had 18 spell levels left.
You didn't know any spells.
Your spell library contained the following spells:

 Spells                   Type           Power      Damage    Failure   Level
 Necrotise                Necr           16%        1d4       99%         1
 Sublimation of Blood     Necr           4%         N/A       99%         2
 Apportation              Tloc           0%         N/A       100%        1
 Foxfire                  Conj/Fire      0%         2x1d4     100%        1
 Freeze                   Ice            0%         1d3       100%        1
 Summon Small Mammal      Summ           0%         N/A       100%        1
 Cigotuvi's Dreadful Rot  Necr/Pois/Air  2%         N/A       100%        2
 Poisonous Vapours        Pois/Air       0%         N/A       100%        2
 Wereblood                Tmut           0%         N/A       100%        2
 Call Canine Familiar     Summ           0%         N/A       100%        3
 Dazzling Flash           Conj/Hex       0%         N/A       100%        3
 Frozen Ramparts          Ice            0%         1d1       100%        3
 Gell's Gravitas          Tloc           0%         N/A       100%        3
 Hailstorm                Conj/Ice       0%         3d3       100%        3
 Inner Flame              Hex/Fire       0%         N/A       100%        3
 Lesser Beckoning         Tloc           0%         N/A       100%        3
 Portal Projectile        Hex/Tloc       0%         N/A       100%        3
 Summon Guardian Golem    Hex/Summ       0%         N/A       100%        3
 Teleport Other           Tloc           0%         N/A       100%        3
 Vampiric Draining        Necr           4%         2d6       100%        3
 Airstrike                Air            0%         2d(0-16)  100%        4
 Flame Wave               Conj/Fire      0%         2d4       100%        4
 Leda's Liquefaction      Hex/Erth       0%         N/A       100%        4
 Sticky Flame             Conj/Fire      0%         2d3       100%        4
 Agony                    Necr           4%         N/A       100%        5
 Fireball                 Conj/Fire      0%         3d3       100%        5
 Freezing Cloud           Conj/Ice/Air   0%         6-21      100%        5
 Silence                  Hex/Air        0%         N/A       100%        5
 Conjure Ball Lightning   Conj/Air       0%         3x3d6     100%        6
 Dispersal                Tloc           0%         N/A       100%        6
 Simulacrum               Ice/Necr       1%         N/A       100%        6
 Starburst                Conj/Fire      0%         6d3       100%        6
 Orb of Destruction       Conj           0%         9d5       100%        7
 Spellforged Servitor     Conj/Summ      0%         N/A       100%        7
 Summon Hydra             Summ           0%         N/A       100%        7
 Necromutation            Tmut/Necr      1%         N/A       100%        8
 Chain Lightning          Conj/Air       0%         N/A       100%        9
 Fire Storm               Conj/Fire      0%         5d1       100%        9
 Polar Vortex             Ice            0%         N/A       100%        9
 Shatter                  Erth           0%         3d5*      100%        9


Dungeon Overview and Level Annotations

Branches:
Dungeon (15/15)            Temple (1/1) D:6            Lair (5/5) D:9
 Shoals (4/4) Lair:3       Spider (0/4) Lair:3        Slime (0/5) Lair:5
    Orc (2/2) D:11            Elf (0/3) Orc:2        Vaults (0/5) D:14
Ossuary (visited)          Bailey (visited)           IceCv (visited)
 Depths: D:15

Altars:
Ashenzari
Cheibriados
Dithmenos
Elyvilon
Fedhas
Gozag
Hepliaklqana
Kikubaaqudgha
Makhleb
Nemelex Xobeh
Okawaru
Qazlal
Ru
Sif Muna
Trog
Uskayaw
Vehumet
Wu Jian
Xom
Yredelemnul
Zin
The Shining One
Jiyva

Shops:
D:11 (   D:13 ?   D:14 =   Orc:2 =*[(   Shoals:4 [

Annotations:
D:3 exclusion: downstairs
D:8 4 transporters
Shoals:2 exclusion: oklob plant


Innate Abilities, Weirdness & Mutations

You are completely covered in rugged brown scales. (AC +3, +7% HP)
Armour fits poorly on your strangely shaped body.
You have a long armoured tail.
You roll when moving toward enemies. (Rampage)
Your long tongue fully drains potion bottles. (2x potion effects)
Your tongue gives you trouble enunciating. (1.5x scroll delay)


Message History

Moving in this stuff is going to be slow.
The merfolk hits you but does no damage.
The merfolk avatar chants its luring song.
Magic courses through your body. You block the manticore's attack.
The manticore claws you but does no damage. x2
The manticore bites you!
* * * LOW HITPOINT WARNING * * *
The manticore claws you but does no damage. x2
The water nymph points at you and mumbles some strange words.
The water swirls and strikes you!
* * * LOW HITPOINT WARNING * * *
The water nymph's watery aura covers the stone staircase leading up.
The merfolk avatar chants its luring song.
The merfolk hits you but does no damage.
Okay, then.
You stomp with the beat, sending a shockwave through the revellers around you!
The manticore is severely wounded.
The merfolk avatar is moderately wounded.
The water nymph is severely wounded.
The manticore is heavily wounded.
You block the manticore's attack. The manticore closely misses you.
You block the manticore's attack. The water nymph touches you.
The water nymph drowns you!
* * * LOW HITPOINT WARNING * * *
The manticore bites you.
* * * LOW HITPOINT WARNING * * *
The manticore claws you but does no damage. x2
The merfolk avatar chants its luring song.
The merfolk hits you from afar with a +0 trident!
* * * LOW HITPOINT WARNING * * *
Uskayaw will force your foes to helplessly watch your dance.
Unknown command.
You feel better. You block the manticore's attack.
The manticore claws you but does no damage.
The manticore completely misses you.
The manticore bites you but does no damage.
The manticore claws you but does no damage. x2
The water nymph gestures at you while chanting.
The water swirls and strikes you!!
You die...

~~≈≈≈≈≈~~..m..~~~~
~~..≈≈≈≈~......~~~~
~≈~~~≈≈≈~.......~~~
..~~.~~~~.......~~~
.....~~≈~.....?.~~~~
....[~≈≈≈...~...~~~~
.......m.((.~.#..~~~
.......m..÷.~##..~~~
......(@~~......~~~~
......HHm~..##.~.~..
8...$..m~~?##..~~~~~
.......~~~##<..~~~~~
∩<8.......#).)~~~~~~
...........))..~~~~~
8..............~~~~~
............~~~~~~~.
..~~~~...~~~~~~~~~~~


You could see a merfolk avatar (mesmerising), a merfolk aquamancer, a merfolk, 2
manticores and a water nymph.

Vanquished Creatures
  Mlioglotl (Shoals:1)
  Polyphemus (Shoals:3)
  Kirke (D:14)
  An orc warlord (Orc:1)
  2 very ugly things (IceCv)
  A dire elephant (Lair:5)
  Azrael (D:13)
  A merfolk javelineer (Shoals:4)
  2 ettins
  A merfolk impaler (Shoals:2)
  2 fire dragons
  A vault guard (D:14)
  7 hydras
  3 catoblepae
  A boulder beetle (D:14)
  2 merfolk aquamancers
  3 two-headed ogres
  8 centaur warriors
  3 satyrs
  6 death yaks
  A merfolk avatar (Shoals:2)
  3 orc high priests (Orc:2)
  A tengu warrior (D:12)
  Urug (Lair:3)
  3 sixfirhies (D:13)
  3 sea snakes
  An orange crystal statue (IceCv)
  A swamp dragon (Lair:5)
  3 deep trolls (D:15)
  4 orc knights
  2 lindwurms (Lair:5)
  A wizard (D:15)
  Pikel (D:4)
  A necromancer (D:11)
  8 harpies
  7 manticores
  15 fauns
  4 orc sorcerers (Orc:2)
  9 cyclopes
  7 ugly things
  9 elephants
  9 merfolk sirens
  2 rust devils (D:13)
  A gargoyle (D:13)
  3 water nymphs
  6 black mambas
  An orange demon (D:13)
  A torpor snail (Lair:5)
  11 komodo dragons
  2 smoke demons (D:13)
  4 rime drakes (Lair:5)
  12 cane toads
  2 unseen horrors (D:11)
  5 kobold demonologists
  2 anaconda simulacra (IceCv)
  4 freezing wraiths
  A yaktaur (D:14)
  2 ice devils (D:13)
  3 hellwings (D:13)
  7 trolls
  2 golden dragon simulacra (IceCv)
  3 red devils (D:13)
  2 polar bears
  13 merfolk
  17 blink frogs
  7 snapping turtles
  6 slime creatures
  22 dream sheep
  2 jumping spiders (Lair:3)
  5 water elementals
  A dire elephant simulacrum (IceCv)
  A shadow (D:9)
  3 wyverns
  A ynoxinul (D:13)
  2 wraiths
  8 basilisks
  49 yaks
  4 fire elementals
  4 steam dragons
  4 hogs (D:14)
  12 vampire mosquitoes
  2 neqoxecs (D:13)
  5 wargs
  10 water moccasins
  4 acid dragons
  4 hell hounds (D:13)
  35 orc warriors
  2 swamp drakes (Lair:5)
  2 ice beasts
  2 sky beasts (D:6)
  5 black bears
  2 alligator simulacra (IceCv)
  An ettin simulacrum (IceCv)
  6 wolves
  9 ogres
  22 centaurs
  3 kobold brigands (D:11)
  4 lemures (D:3)
  A phantom (D:5)
  An elf zombie (Ossuary)
  9 bullfrogs
  3 gnoll sergeants
  4 necrophages (D:5)
  2 scorpions (D:5)
  3 wights (D:6)
  7 killer bees
  5 howler monkeys
  5 electric eels
  3 vampire bats (D:4)
  2 gnoll boudas
  21 orc priests
  4 hounds
  A human zombie (Ossuary)
  5 jellies
  7 iguanas
  20 orc wizards
  3 yak simulacra (D:11)
  2 polar bear simulacra (D:11)
  3 wolf simulacra (D:11)
  2 hound zombies (Ossuary)
  4 mummies (Ossuary)
  25 gnolls
  12 adders
  A white imp (D:7)
  An ufetubus (D:5)
  An adder zombie (Ossuary)
  2 worms
  2 dart slugs
  117 orcs
  8 bats
  A bat skeleton (D:4)
  3 bat zombies (D:4)
  8 endoplasms
  2 giant cockroaches
  2 gnoll zombies (Ossuary)
  7 goblins
  7 hobgoblins
  2 jackals (D:4)
  2 quokkas
  11 ball pythons
  6 frilled lizards
  A goblin zombie (Ossuary)
  A jackal zombie (Ossuary)
  19 kobolds
  A kobold zombie (Ossuary)
  2 orc zombies (Ossuary)
  8 rats
  3 river rat simulacra (D:11)
  A butterfly (Lair:2)
870 creatures vanquished.

Vanquished Creatures (collateral kills)
  An orc warlord (Orc:2)
  An orc high priest (Orc:2)
  An orc knight (Orc:2)
  An orc sorcerer (Orc:2)
  3 orc warriors (Orc:2)
  4 orc priests (Orc:2)
  5 orcs (Orc:2)
16 creatures vanquished.

Vanquished Creatures (others)
  A faun (Shoals:4)
  A dream sheep (Shoals:4)
  2 orc wizards (Orc:2)
  A gnoll (D:8)
  2 orcs (D:8)
  5 demonic plants (D:13)
  18 fungi
  54 plants
84 creatures vanquished.

Grand Total: 970 creatures vanquished

Notes
Turn   | Place    | Note
-------+----------+-------------------------------------------
     0 | D:1      | Monkooky the Armataur Wanderer began the quest for the Orb.
     0 | D:1      | Monkooky set off with the following items: a +2 spear, a +0
                  | cloak, a scroll of fear, a +0 leather armour; and the
                  | following spell memorised: Necrotise; and the following
                  | spells available to memorise: Vampiric Draining.
     0 | D:1      | Reached XP level 1. HP: 14/14 MP: 3/3
    31 | D:1      | Reached skill level 1 in Armour
   205 | D:1      | Reached skill level 2 in Armour
   214 | D:1      | Reached XP level 2. HP: 21/21 MP: 4/4
   338 | D:1      | Reached skill level 1 in Maces & Flails
   461 | D:1      | Reached XP level 3. HP: 26/28 MP: 5/5
   567 | D:1      | Got the Discourse on Left-Handed Secrets and Weather
   886 | D:2      | Identified the +0 leather armour of Xaqacl Syete {rPois
                  | Dex+7 SInv}
  1340 | D:2      | Reached XP level 4. HP: 36/36 MP: 6/6
  2595 | D:4      | Noticed Pikel
  2595 | D:4      | Noticed a lemure
  2595 | D:4      | Noticed a lemure
  2595 | D:4      | Noticed a lemure
  2603 | D:3      | Killed a lemure
  2605 | D:3      | Reached XP level 5. HP: 13/41 MP: 7/7
  2753 | D:4      | Noticed a black bear
  2768 | D:3      | Killed a black bear
  2964 | D:3      | Reached skill level 5 in Maces & Flails
  2964 | D:3      | Reached XP level 6. HP: 17/49 MP: 8/8
  3568 | D:4      | Killed Pikel
  3569 | D:4      | Reached XP level 7. HP: 48/54 MP: 9/9
  3636 | D:4      | Reached XP level 8. HP: 56/62 MP: 10/10
  3805 | D:4      | Reached skill level 1 in Shields
  3919 | D:4      | Found an ancient bone altar of Kikubaaqudgha.
  3985 | D:5      | Entered Level 5 of the Dungeon
  4021 | D:5      | Found a sand-covered staircase.
  4025 | Ossuary  | Entered an ossuary
  4060 | Ossuary  | Reached skill level 3 in Armour
  4074 | Ossuary  | Reached skill level 1 in Fighting
  4340 | D:5      | Reached skill level 4 in Armour
  4905 | D:5      | Reached XP level 9. HP: 75/75 MP: 11/11
  4989 | D:5      | Reached skill level 5 in Fighting
  6104 | D:6      | Found a staircase to the Ecumenical Temple.
  6120 | Temple   | Entered the Ecumenical Temple
  6349 | Temple   | Became a worshipper of Uskayaw the Reveller
  6394 | D:6      | Reached * piety under Uskayaw
  6403 | D:6      | Reached ** piety under Uskayaw
  6724 | D:6      | Reached skill level 1 in Invocations
  6738 | D:6      | Reached *** piety under Uskayaw
  6851 | D:7      | Noticed a troll
  6861 | D:7      | Killed a troll
  7011 | D:7      | Reached **** piety under Uskayaw
  7305 | D:7      | Reached ***** piety under Uskayaw
  7452 | D:7      | Identified the +8 long sword "Sulisusku" {freeze, rF+ rC+}
  7601 | D:8      | Reached XP level 10. HP: 21/89 MP: 8/13
  7982 | D:8      | Found a transporter.
  7982 | D:8      | Found a transporter.
  8014 | D:8      | Noticed a two-headed ogre
  8026 | D:8      | Killed a two-headed ogre
  8027 | D:8      | Reached skill level 10 in Maces & Flails
  8258 | D:8      | Found a burning altar of Makhleb.
  8363 | D:8      | Found a transporter.
  8387 | D:8      | Found an iron altar of Okawaru.
  8479 | D:8      | Found a transporter.
  8936 | D:9      | Noticed a death yak
  8939 | D:9      | Identified a scroll of acquirement
  8940 | D:9      | Acquired a manual of Dodging
  9074 | D:9      | Reached skill level 5 in Invocations
  9148 | D:9      | Found a basalt altar of Yredelemnul.
  9187 | D:9      | Found a flagged portal.
  9196 | Bailey   | Entered a bailey
  9535 | Bailey   | Reached skill level 5 in Dodging
  9844 | D:9      | Reached XP level 11. HP: 75/96 MP: 11/15
 10038 | D:9      | Found a white marble altar of Elyvilon.
 10224 | D:9      | Found a broken altar of Ashenzari.
 10313 | D:9      | Found a staircase to the Lair.
 10832 | D:9      | Killed a death yak
 11146 | D:10     | Entered Level 10 of the Dungeon
 12529 | D:11     | Noticed a soul eater
 12783 | D:11     | Found a staircase to the Orcish Mines.
 12783 | D:11     | Found Tarchabi's Weapon Emporium.
 13022 | D:11     | Noticed a necromancer
 13033 | D:11     | Killed a necromancer
 13727 | Orc:1    | Entered Level 1 of the Orcish Mines
 13731 | Orc:1    | Noticed an ettin
 13741 | Orc:1    | Killed an ettin
 13747 | Orc:1    | Reached XP level 12. HP: 57/103 MP: 8/19
 14052 | Orc:1    | Noticed an orc warlord
 14139 | Lair:1   | Entered Level 1 of the Lair of Beasts
 14320 | Lair:1   | Reached skill level 10 in Invocations
 14925 | Lair:1   | Reached skill level 5 in Evocations
 15392 | Lair:1   | Identified the +1 scale mail of an ice cave {Will+}
 15510 | Lair:1   | HP: 5/103 [poisoned by a black mamba]
 15514 | Lair:1   | HP: 2/103 [poisoned by a black mamba]
 16244 | Lair:2   | Found a stormy altar of Qazlal.
 16475 | Lair:2   | Noticed a seven-headed hydra
 16483 | Lair:2   | Killed a seven-headed hydra
 16484 | Lair:2   | Reached skill level 5 in Armour
 17091 | Lair:2   | Reached skill level 6 in Armour
 17109 | Lair:2   | Reached ****** piety under Uskayaw
 17386 | Lair:3   | Reached skill level 7 in Armour
 17553 | Lair:3   | Found a glowing golden altar of the Shining One.
 17651 | Lair:3   | Reached XP level 13. HP: 106/110 MP: 19/21
 17942 | Lair:3   | Reached skill level 8 in Armour
 18037 | Lair:3   | Found a hole to the Spider Nest.
 18152 | Lair:3   | Noticed Urug
 18169 | Lair:3   | Killed Urug
 18470 | Lair:4   | Found a sacrificial altar of Ru.
 18529 | Lair:4   | Reached skill level 9 in Armour
 18729 | Lair:4   | Reached skill level 10 in Armour
 19016 | Lair:4   | Reached skill level 11 in Armour
 19163 | Lair:4   | Reached skill level 1 in Stealth
 19481 | Lair:4   | Noticed a fire dragon
 19494 | Lair:4   | Killed a fire dragon
 19847 | Lair:5   | Entered Level 5 of the Lair of Beasts
 19887 | Lair:5   | Reached skill level 5 in Stealth
 21130 | Lair:5   | Noticed a dire elephant
 21144 | Lair:5   | Reached XP level 14. HP: 77/118 MP: 13/22
 21257 | Lair:5   | Identified the +1 leather armour of Qaoroon {Rampage Drain
                  | rElec rPois}
 21923 | Lair:5   | Found a staircase to the Slime Pits.
 21924 | Lair:5   | Found a viscous altar of Jiyva.
 22478 | Orc:1    | Killed an orc warlord
 23632 | D:12     | Reached skill level 12 in Armour
 23831 | D:13     | Reached skill level 13 in Armour
 24113 | D:13     | Reached skill level 14 in Armour
 24485 | D:13     | Noticed Azrael
 24494 | D:13     | Killed Azrael
 24495 | D:13     | Reached skill level 15 in Armour
 25097 | D:13     | Found Piadyem's Magic Scroll Shoppe.
 25674 | D:14     | Noticed Kirke
 25687 | D:14     | Noticed a sphinx
 25689 | D:14     | Killed Kirke
 25690 | D:14     | Reached XP level 15. HP: 129/129 MP: 23/23
 25716 | D:14     | Identified the +0 plate armour of Sorcery {Harm rElec
                  | Stlth+}
 25778 | D:14     | Found a gate to the Vaults.
 26221 | D:14     | Found Raoxig's Jewellery Shop.
 26228 | D:14     | Bought the ring of Kiqimera {Drain +Blink rN+++ Int-5
                  | Dex+6} for 988 gold pieces
 26368 | D:15     | Entered Level 15 of the Dungeon
 26428 | D:15     | Reached skill level 10 in Dodging
 26882 | Orc:2    | Entered Level 2 of the Orcish Mines
 26900 | Orc:2    | Paralysed by an orc sorcerer for 4 turns
 27741 | Orc:2    | Found Alicren's General Store.
 27742 | Orc:2    | Found Asyciot's Jewellery Shop.
 27744 | Orc:2    | Found Viseit's Antique Armour Boutique.
 27744 | Orc:2    | Found Muzon's Antique Weapon Boutique.
 27759 | Orc:2    | Bought a potion of curing for 36 gold pieces
 27884 | Orc:2    | Found a staircase to the Elven Halls.
 28135 | Lair:3   | Found a staircase to the Shoals.
 28278 | Lair:3   | Upgraded the game from 0.30-a0-187-gd9c2deaf24 to
                  | 0.30-a0-210-g01b79a254e
 28279 | Shoals:1 | Entered Level 1 of the Shoals
 28585 | Shoals:1 | Reached skill level 10 in Evocations
 28830 | Shoals:1 | Noticed Mlioglotl
 28847 | Shoals:1 | Killed Mlioglotl
 29904 | Shoals:2 | Reached XP level 16. HP: 138/138 MP: 24/24
 31060 | Shoals:3 | Noticed Polyphemus
 31082 | Shoals:3 | Killed Polyphemus
 31248 | Shoals:3 | Found a frozen archway.
 31402 | IceCv    | Entered an ice cave
 31526 | IceCv    | Found a transporter.
 31536 | IceCv    | Found a transporter.
 31571 | IceCv    | Identified a ring "Coise" {rF+ Int+6}
 32111 | Shoals:4 | Entered Level 4 of the Shoals
 32116 | Shoals:4 | Found Tuxked's Antique Armour Emporium.
 32126 | Shoals:4 | Reached skill level 5 in Shields
 32559 | Shoals:4 | Reached skill level 10 in Fighting
 32577 | Shoals:4 | HP: 7/143 [barbs]
 32583 | Shoals:4 | HP: 3/143 [merfolk/+0 trident (9)]
 32584 | Shoals:4 | Killed from afar by a water nymph

Illustrated notes

Levels and vault maps discovered:
D:1:      roderic_chinese_lattice_arrival, layout_basic, minmay_pentomino_p4
D:2:      layout_loops_ring
D:3:      layout_basic
D:4:      layout_rooms, kennysheep_vampire_church, uniq_pikel
D:5:      minmay_polygon_palace, layout_cave_pools,
          lightli_ossuary_entry_decrepit_ruins
D:6:      layout_layer_cave, minmay_temple_entry_offerings
D:7:      layout_rooms
D:8:      layout_cave_pools, kennysheep_mini, mainiacjoe_overflow_catwalk,
          nicolae_diode_quadrants
D:9:      layout_layer_cave, evilmike_ruin_ashenzari, kennysheep_ying_yang,
          david_lair_generic, enter_bailey_2
D:10:     layout_irregular_city
D:11:     layout_loops_ring, orc_david_3, special_room [special_room_orc],
          minivault_23, eino_house_with_fridge
D:12:     layout_rooms, kennysheep_generic_room_6
D:13:     layout_basic, serial_demonic, serial_demonic_e, serial_demonic_d,
          serial_demonic_b, serial_demonic_f, serial_demonic_a, serial_shops,
          nicolae_lakefront_shop, small_statue_intersection, uniq_azrael
D:14:     layout_loops_cross, david_vaults_5, serial_shops, shop, uniq_kirke
D:15:     hangedman_depths_entry_civil_slaughter, layout_rooms,
          serial_corexii_hall, corexii_hall_statues_u, corexii_hall_statues_i,
          chequers_serial_rivers_small_3
Temple:   nicolae_temple_bog_church
Lair:1:   layout_small_grid, minmay_shattered_shrine,
          infiniplex_staircase_pool_2
Lair:2:   layout_loops_ring, basic_altar, lemuel_fruit_fields
Lair:3:   layout_roguey, minmay_shoals_entry_hut, spider_nest_entry_a,
          basic_altar, grunt_megastairs_4, infiniplex_staircase_pool, uniq_urug
Lair:4:   dragon1_lemuel, layout_loops_ring, basic_altar
Lair:5:   guppyfry_lair_end_dragon, layout_gridlike, hangedman_lair_in_review,
          minmay_slime_entry_pillars, minivault_26
Shoals:1: layout_shoals, uniq_mlioglotl
Shoals:2: layout_shoals, nicolae_shoals_this_corrosion
Shoals:3: layout_shoals, portal_ice_cave_entry_frozen_things,
          nicolae_shoals_loop_pool, uniq_polyphemus
Shoals:4: shoals_end_simple, layout_shoals, shoals_ilsuiw_ice, serial_shops,
          nicolae_shop_statue_plus
Orc:1:    layout_caves, basic_altar
Orc:2:    st_orc_congregation, layout_caves

Skill      XL: |  1  2  3  4  5  6  7  8  9 10 11 12 13 14 15 16 |
---------------+-------------------------------------------------+-----
Armour         | 2 4 7 11 15 | 15.7
Maces & Flails | 1 2 3 5 7 8 9 11 12 13 14 | 14.0
Shields        | 3 5 |  5.4
Fighting       | 4 6 7 8 10 | 10.1
Evocations     | 3 8 11 | 11.7
Invocations    | 4 5 9 10 11 | 11.3
Dodging        | 6 9 11 | 11.6
Stealth        | 6 |  6.1
Polearms       | |  1.5
Spellcasting   | |  1.7
Necromancy     | |  2.4

Action                   |  1- 3 |  4- 6 |  7- 9 | 10-12 | 13-15 | 16-18 || total
-------------------------+-------+-------+-------+-------+-------+-------++-------
Melee: Spear             |   120 |    35 |       |       |       |       ||   155
       Tailslap          |    10 |    15 |    44 |    95 |   186 |    48 ||   398
       Morningstar       |       |   108 |   344 |   633 |  1029 |   240 ||  2354
       Punch             |       |     1 |       |       |       |       ||     1
Invok: Line Pass         |       |       |     2 |     5 |     4 |     4 ||    15
       Stomp             |       |       |       |    18 |    29 |    13 ||    60
       Grand Finale      |       |       |       |       |     2 |       ||     2
 Abil: Evoke Blink       |       |       |       |       |     1 |       ||     1
Evoke: Wand              |       |       |     1 |    13 |    24 |     8 ||    46
       Lightning rod     |       |       |       |     9 |    21 |     4 ||    34
       Tin of tremorston |       |       |       |       |     6 |     3 ||     9
       Box of beasts     |       |       |       |       |     2 |     1 ||     3
  Use: Scroll            |       |     4 |     6 |    19 |    20 |     3 ||    52
       Potion            |       |       |     1 |    10 |     7 |     7 ||    25
 Stab: Paralysed         |       |       |     7 |    56 |    92 |    24 ||   179
       Confused          |       |       |       |     2 |     1 |       ||     3
       Petrified         |       |       |       |       |     9 |       ||     9
Armor: Plate armour      |    67 |   121 |   270 |   337 |   156 |       ||   951
       Crystal plate arm |       |       |       |       |   674 |   309 ||   983
Dodge: Dodged            |    13 |    34 |    69 |   154 |   235 |   100 ||   605
Block: Buckler           |       |     9 |   101 |   183 |   296 |   113 ||   702

Table legend: (Time is in decaauts)
 A = Elapsed time spent in this place.
 B = Non-inter-level travel time spent in this place.
 C = Inter-level travel time spent in this place.
 D = Time resting spent in this place.
 E = Time spent auto-exploring this place.
 F = Levels seen in this place.
 G = Mean time per level.
                   A        B        C        D        E       F      G
               +--------+--------+--------+--------+--------+-----+--------+
         Total |  32837 |  31771 |   1066 |   7511 |  17892 |  30 | 1094.6 |
       Dungeon |  16908 |  16269 |    639 |   3377 |   9660 |  15 | 1127.2 |
        Temple |    256 |    234 |     22 |      0 |    158 |   1 |  256.0 |
          Lair |   8511 |   8272 |    239 |   2179 |   4869 |   5 | 1702.2 |
        Shoals |   4179 |   4090 |     89 |   1221 |   1969 |   4 | 1044.8 |
  Orcish Mines |   1782 |   1705 |     77 |    292 |   1013 |   2 |  891.0 |
       Ossuary |    274 |    274 |      0 |      0 |    166 |   1 |  274.0 |
        Bailey |    624 |    624 |      0 |    245 |     54 |   1 |  624.0 |
      Ice Cave |    300 |    300 |      0 |    196 |      1 |   1 |  300.0 |
               +--------+--------+--------+--------+--------+-----+--------+

Top non-repeatable levels by time:
     D:9: 2122 daAuts
  Lair:5: 2082 daAuts
  Lair:1: 2071 daAuts
  Lair:4: 1966 daAuts
     D:3: 1828 daAuts
    D:13: 1753 daAuts
    D:11: 1726 daAuts
Shoals:1: 1481 daAuts
Shoals:2: 1438 daAuts
     D:6: 1272 daAuts
    D:14: 1242 daAuts
  Lair:3: 1210 daAuts
Shoals:3: 1200 daAuts
  Lair:2: 1181 daAuts
     D:7: 1118 daAuts
